 Dungeon Crawl Stone Soup version 0.29-a0-830-gcb1280458a (webtiles) character file.

Game seed: 12578802309577705575

526 ytrimaz the Cudgeller (level 7, 0/50 HPs)
             Began as a Demonspawn Gladiator on July 11, 2022.
             Slain by a goblin
             ... wielding a +0 dagger
             ... led by Robin
              (3 damage)
             ... on level 3 of the Dungeon.
             The game lasted 00:03:24 (1820 turns).

ytrimaz the Cudgeller (Demonspawn Gladiator)        Turns: 1820, Time: 00:03:24

Health: 0/50       AC:  3    Str: 24    XL:     7   Next: 2%
Magic:  7/7        EV: 12    Int: 14    God:
Gold:   146        SH:  0    Dex: 14    Spells: 6/6 levels left

rFire   x . .      SeeInvis .   f - +6 morningstar of Punishment {spect, rF- Str+7 Int+5}
rCold   . . .      Faith    .   (no shield)
rNeg    . . .      Spirit   .   b - +0 leather armour
rPois   .          Reflect  .   (helmet restricted)
rElec   .          Harm     .   (no cloak)
rCorr   .          Rampage  .   (no gloves)
Will    .....                   (no boots)
Stlth   +.........              (no amulet)
HPRegen 0.16/turn               n - ring of flight
MPRegen 0.10/turn               (no ring)

@: flying
A: hooves 1, horns 1, weakness stinger 1
a: no special abilities


You were on level 3 of the Dungeon.
You visited 1 branch of the dungeon, and saw 4 of its levels.

You collected 798 gold pieces.
You spent 652 gold pieces at shops.

Inventory:

Hand Weapons
 f - the +6 morningstar of Punishment (weapon) {spect, rF- Str+7 Int+5}
   (You bought it in a shop on level 4 of the Dungeon)

   When its wielder attacks, the weapon's spirit leaps out and strikes again.
   The spirit shares a part of any damage it takes with its wielder.
   Str:       It affects your strength (+7).
   Int:       It affects your intelligence (+5).
   rF:        It makes you vulnerable to fire.
Missiles
 d - 3 throwing nets (quivered)
 e - a javelin
Armour
 a - a +0 scale mail
 b - a +0 leather armour (worn)
 c - a +0 helmet
Jewellery
 n - a ring of flight (left hand)
Scrolls
 h - a scroll of enchant weapon
 o - a scroll of identify
Potions
 i - a potion of flight {unknown}
 j - a potion of magic {unknown}
 k - a potion of brilliance {unknown}
 l - a potion of might {unknown}
 m - 2 potions of curing {unknown}


   Skills:
 - Level 2.0 Fighting
 - Level 2.6(5.0) Axes
 + Level 5.5(5.8) Maces & Flails
 - Level 3.2(3.7) Polearms
 - Level 1.7 Throwing
 - Level 2.6 Dodging
 - Level 0.2 Air Magic
 - Level 0.1 Earth Magic
 - Level 0.1 Poison Magic


You had 6 spell levels left.
You didn't know any spells.
Your spell library contained the following spells:

 Spells                   Type           Power      Damage    Failure   Level
 Slow                     Hex            0%         N/A       32%         1
 Sting                    Tmut/Pois      0%         1d3       32%         1
 Mephitic Cloud           Conj/Pois/Air  0%         N/A       67%         3
 Confusing Touch          Hex            0%         N/A       69%         3
 Vampiric Draining        Necr           0%         2d6       69%         3
 Iskenderun's Mystic Bla  Conj/Tloc      0%         2d3       97%         4


Dungeon Overview and Level Annotations

Branches:
Dungeon (4/15)
 Temple: D:4-7

Altars:
Cheibriados

Shops:
D:3 [   D:4 *


Innate Abilities, Weirdness & Mutations

You have large cloven feet.
You have a pair of small horns on your head.
You have a small tail.


Message History

You have reached level 7!
Your demonic ancestry asserts itself...
A pair of horns grows on your head!
Your +0 helmet falls away!
A quokka comes into view.
Items here: ! )) / [[.
Unknown command.
You impale the goblin!!
You kill the goblin!
The quokka twitches its whiskers.
The hobgoblin hits you.
* * * LOW HITPOINT WARNING * * *
The goblin attacks as you move away! The goblin hits you with a +0 dagger.
* * * LOW HITPOINT WARNING * * *
The goblin no longer looks unusually strong.
The hobgoblin attacks as you move away! The hobgoblin barely misses you.
The goblin no longer looks unusually strong. x2
The hobgoblin attacks as you move away!
The hobgoblin hits you but does no damage.
The goblin hits you with a +0 dagger.
* * * LOW HITPOINT WARNING * * *
The goblin attacks as you move away! The goblin hits you with a +0 dagger.
* * * LOW HITPOINT WARNING * * *
The goblin no longer looks unusually strong. x2
The goblin attacks as you move away! The goblin hits you but does no damage.
The hobgoblin attacks as you move away! The hobgoblin closely misses you.
The hobgoblin attacks as you move away! The hobgoblin closely misses you.
You closely miss the hobgoblin. You punch the hobgoblin.
The hobgoblin is heavily wounded.
The hobgoblin hits you.
* * * LOW HITPOINT WARNING * * *
You closely miss the hobgoblin. You headbutt the hobgoblin.
You tail-slap the hobgoblin.
You kill the hobgoblin!
The goblin barely misses you.
You puncture the goblin!
You kill the goblin!
You hit the goblin but do no damage. Your kick misses the goblin.
The goblin hits you with a +0 dagger.
You die...

...........
...#############.#
...............#.#
.).####...####.#.# ...#
#...# #.#.# ...# #...#
#.#.# .).# ##...# #.#.#
.#####....# #.#.# .#
#.....## #.#@# .#
#.....# ##.#g#
.###.....####..#g#
...............gg#
................r#
......_......g...#
#...........)..).#
#...........#)##)######
####.....####.#..r....#


You could see a quokka and 4 goblins.

Vanquished Creatures
  Grinder (D:3)
  Sigmund (D:3)
  A necrophage (D:4)
  Ijyb (D:3)
  Natasha (D:3)
  A mummy (D:3)
  Robin (D:3)
  An adder (D:3)
  A worm (D:2)
  An orc (D:4)
  A bat (D:2)
  2 endoplasms
  5 giant cockroaches
  2 hobgoblins
  A ball python (D:1)
  2 frilled lizards (D:1)
  10 goblins
  A kobold (D:4)
  5 rats
39 creatures vanquished.

Notes
Turn   | Place    | Note
-------+----------+-------------------------------------------
     0 | D:1      | ytrimaz the Demonspawn Gladiator began the quest for the
                  | Orb.
     0 | D:1      | Reached XP level 1. HP: 16/16 MP: 1/1
   664 | D:1      | Found a faded altar of an unknown god.
   875 | D:2      | Discovered your monstrous ancestry.
   875 | D:2      | Gained mutation: You have large cloven feet. [demonic
                  | ancestry]
   875 | D:2      | Reached XP level 2. HP: 22/22 MP: 2/2
  1035 | D:2      | You fall into a shaft and drop 2 floors!
  1095 | D:4      | Got the Omnibus of Superposition and Pestilence
  1148 | D:4      | Noticed a necrophage
  1160 | D:4      | Killed a necrophage
  1161 | D:4      | Reached XP level 3. HP: 11/27 MP: 3/3
  1161 | D:4      | Gained mutation: You have a small tail. [demonic ancestry]
  1161 | D:4      | Reached XP level 4. HP: 14/33 MP: 4/4
  1448 | D:4      | Found Osuph's General Store.
  1451 | D:4      | Identified a scroll of acquirement
  1455 | D:4      | Acquired 711 gold pieces
  1461 | D:4      | Bought the +6 morningstar of Punishment {spect, rF- Str+7
                  | Int+5} for 652 gold pieces
  1490 | D:3      | Noticed Ijyb
  1494 | D:3      | Paralysed by Ijyb for 5 turns
  1502 | D:3      | Killed Ijyb
  1503 | D:3      | Reached skill level 1 in Maces & Flails
  1583 | D:3      | Found Gaes's Antique Armour Boutique.
  1597 | D:3      | Noticed Sigmund
  1603 | D:3      | Killed Sigmund
  1604 | D:3      | Reached skill level 3 in Maces & Flails
  1604 | D:3      | Reached XP level 5. HP: 26/38 MP: 5/5
  1745 | D:3      | Found a snail-covered altar of Cheibriados.
  1750 | D:3      | Reached XP level 6. HP: 44/44 MP: 6/6
  1781 | D:3      | Noticed Natasha
  1782 | D:3      | Noticed Grinder
  1789 | D:3      | Reached skill level 4 in Maces & Flails
  1790 | D:3      | Killed Natasha
  1794 | D:3      | Noticed Robin
  1795 | D:3      | Paralysed by Grinder for 4 turns
  1797 | D:3      | HP: 2/44 [Grinder (6)]
  1800 | D:3      | Killed Grinder
  1801 | D:3      | Reached skill level 5 in Maces & Flails
  1807 | D:3      | Killed Robin
  1808 | D:3      | Gained mutation: You have a pair of small horns on your
                  | head. [demonic ancestry]
  1808 | D:3      | Reached XP level 7. HP: 14/50 MP: 7/7
  1820 | D:3      | Slain by a goblin

Illustrated notes

Levels and vault maps discovered:
D:1:      dpeg_arrival_castle, layout_loops_ring,
          shapermc_ecumenical_altar_acropolis, serial_glass, glass_columns_a,
          glass_columns_a, glass_columns_a, glass_columns_a, glass_columns_b,
          glass_columns_b, glass_columns_c, glass_columns_b, glass_columns_b,
          glass_columns_a, glass_columns_b, glass_columns_c, glass_columns_b,
          glass_columns_b
D:2:      layout_loops_ring, nicolae_concentric_dashed_squares_mild,
          kennysheep_generic_room_3
D:3:      layout_basic, slow_altar_1, serial_shops, nicolae_shop_crystal,
          st_stairs_7, minmay_pentangle, uniq_natasha, uniq_ijyb, uniq_sigmund,
          uniq_grinder, uniq_robin
D:4:      layout_basic, serial_shops, kennysheep_mini

Skill      XL: |  1  2  3  4  5  6 |
---------------+-------------------+-----
Polearms       | 3 |  3.2
Axes           | 2 |  2.6
Maces & Flails | 3 5 |  5.5
Fighting       | |  2.0
Throwing       | |  1.7
Dodging        | |  2.6
Air Magic      | |  0.2
Earth Magic    | |  0.1
Poison Magic   | |  0.1

Action                   |  1- 3 |  4- 6 |  7- 9 || total
-------------------------+-------+-------+-------++-------
Melee: Trident           |    51 |     6 |       ||    57
       Kick              |     6 |     5 |       ||    11
       Morningstar       |       |    24 |     5 ||    29
       Tailslap          |       |     2 |     1 ||     3
       Headbutt          |       |       |     1 ||     1
       Punch             |       |       |     1 ||     1
  Use: Scroll            |     2 |     3 |       ||     5
       Potion            |       |     2 |       ||     2
Armor: Leather armour    |     8 |    13 |     2 ||    23
Dodge: Dodged            |    29 |    26 |     4 ||    59

Table legend: (Time is in decaauts)
 A = Elapsed time spent in this place.
 B = Non-inter-level travel time spent in this place.
 C = Inter-level travel time spent in this place.
 D = Time resting spent in this place.
 E = Time spent auto-exploring this place.
 F = Levels seen in this place.
 G = Mean time per level.
                   A        B        C        D        E       F      G
               +--------+--------+--------+--------+--------+-----+--------+
         Total |   1839 |   1820 |     19 |    181 |   1300 |   4 |  459.8 |
       Dungeon |   1839 |   1820 |     19 |    181 |   1300 |   4 |  459.8 |
               +--------+--------+--------+--------+--------+-----+--------+

Top non-repeatable levels by time:
     D:1: 852 daAuts
     D:4: 455 daAuts
     D:3: 338 daAuts
     D:2: 193 daAuts
